 Dungeon Crawl Stone Soup version 0.30-a0-1103-g25895a7845 (webtiles) character file.

Game seed: 14796169553030724673

746 qeuew the Trooper (level 7, -3/62 HPs)
             Began as a Hill Orc Fighter on Apr 18, 2023.
             Slain by a two-headed ogre
             ... wielding a +0 giant spiked club
              (14 damage)
             ... on level 7 of the Dungeon.
             The game lasted 00:03:16 (2832 turns).

qeuew the Trooper (Hill Orc Fighter)                Turns: 2832, Time: 00:03:16

Health: -3/62      AC:  7    Str: 21    XL:     7   Next: 77%
Magic:  7/7        EV: 15    Int:  8    God:
Gold:   176        SH:  5    Dex: 10    Spells: 6/6 levels left

rFire   . . .      SeeInvis .    a - +0 war axe
rCold   . . .      Faith    .    c - +0 buckler
rNeg    . . .      Spirit   .    b - +0 scale mail
rPois   .          Reflect  .    (no helmet)
rElec   .          Rampage  .    (no cloak)
rCorr   .                        (no gloves)
Will    +....                    (no boots) Stlth
                                 (no amulet)
HPRegen 0.30/turn                g - ring of Lady Luck {Will+ Slay+4}
MPRegen 0.10/turn                m - +5 ring of evasion

@: no status effects
A: no striking features
a: no special abilities


You were on level 7 of the Dungeon.
You visited 1 branch of the dungeon, and saw 5 of its levels.

You collected 176 gold pieces.

Inventory:

Hand Weapons
 a - a +0 war axe (weapon)
Armour
 b - a +0 scale mail (worn)
 c - a +0 buckler (worn)
Jewellery
 g - the ring of Lady Luck (left hand) {Will+ Slay+4}
   (You acquired it on level 1 of the Dungeon)

   [ring of willpower]

   Slay:      It affects your accuracy & damage with ranged weapons and melee
   (+4).
   Will:      It increases your willpower.
 m - a +5 ring of evasion (right hand)
Wands
 i - a wand of polymorph (2)
 l - a wand of charming (6)
 n - a wand of acid (3)
Scrolls
 h - a scroll of teleportation
Potions
 d - a potion of might
 e - a potion of berserk rage
 f - a potion of curing
 j - a potion of flight
 k - a potion of lignification {unknown}


   Skills:
 * Level 5.8 Fighting
 * Level 5.6 Axes
 * Level 5.3 Armour
 + Level 1.9 Dodging
 * Level 5.3 Shields
 + Level 1.3 Evocations


You had 6 spell levels left.
You didn't know any spells.
Your spell library was empty.

Dungeon Overview and Level Annotations

Branches:
Dungeon (4/15)
 Temple: D:4-7

Altars:
Uskayaw
Xom

Shops:
D:2 *


Message History

A two-headed ogre comes into view.
It is wielding a +0 giant spiked club and a +0 giant club.
A two-headed ogre is nearby!
A two-headed ogre is nearby!
The two-headed ogre shouts in stereo!
No target in view!
No target in view!
No target in view!
No target in view!
No target in view!
No target in view!
You barely miss the two-headed ogre.
The two-headed ogre hits you with a +0 giant spiked club!!
Ouch! That really hurt!
The two-headed ogre completely misses you.
You are too injured to fight recklessly!
You are too injured to fight recklessly!
You are too injured to fight recklessly!
You are too injured to fight recklessly!
You are too injured to fight recklessly!
You are too injured to fight recklessly!
You are too injured to fight recklessly!
You are too injured to fight recklessly!
You are too injured to fight recklessly!
You are too injured to fight recklessly!
You are too injured to fight recklessly!
You are too injured to fight recklessly!
You are too injured to fight recklessly!
Unknown command.
You slash the two-headed ogre!
The two-headed ogre is lightly wounded.
The two-headed ogre hits you with a +0 giant spiked club!
The two-headed ogre closely misses you.
Unknown command.
Found a scale mail.
The two-headed ogre hits you with a +0 giant spiked club!
* * * LOW HITPOINT WARNING * * *
The two-headed ogre misses you.
The two-headed ogre attacks as you move away!
The two-headed ogre hits you with a +0 giant spiked club!
You die...

##.# #..# # #.## .. #.#
###. #.##... ##)#..#
########†.#.#
#..........)###########
#[....@....#...........
#.....O.....#...#...#..
#.[....................
#############...#...#..
#...........
############


You could see a two-headed ogre.

Vanquished Creatures
  Sigmund (D:3)
  Eustachio (D:4)
  A black bear (D:7)
  A bullfrog (D:7)
  Dowan (D:7)
  A howler monkey (D:7)
  A jelly (D:7)
  Crazy Yiuf (D:3)
  Ijyb (D:3)
  3 gnolls (D:3)
  2 adders
  A white imp (D:7)
  2 worms (D:2)
  3 dart slugs
  5 orcs (D:7)
  2 ball pythons (D:1)
  3 bats
  3 endoplasms (D:1)
  2 giant cockroaches (D:1)
  6 goblins
  6 hobgoblins
  3 jackals (D:2)
  2 quokkas
  4 frilled lizards
  10 kobolds
  2 rats (D:3)
68 creatures vanquished.

Notes
Turn   | Place    | Note
-------+----------+-------------------------------------------
     0 | D:1      | qeuew the Hill Orc Fighter began the quest for the Orb.
     0 | D:1      | Reached XP level 1. HP: 19/19 MP: 1/1
   139 | D:1      | Reached XP level 2. HP: 27/27 MP: 2/2
   495 | D:1      | Reached XP level 3. HP: 22/33 MP: 3/3
   899 | D:1      | Identified a scroll of acquirement
   899 | D:1      | Acquired the ring of Lady Luck {Will+ Slay+4}
  1040 | D:2      | Found Amemuqos's Assorted Antiques.
  1185 | D:2      | Reached XP level 4. HP: 40/40 MP: 4/4
  1529 | D:3      | Noticed Sigmund
  1539 | D:3      | Killed Sigmund
  1540 | D:3      | Reached skill level 1 in Dodging
  1540 | D:3      | Reached XP level 5. HP: 39/47 MP: 5/5
  1540 | D:3      | Reached XP level 6. HP: 45/55 MP: 6/6
  1660 | D:3      | Found a shimmering altar of Xom.
  1722 | D:3      | Found a hide-covered altar of Uskayaw.
  1764 | D:3      | Noticed Ijyb
  1772 | D:3      | Killed Ijyb
  1773 | D:3      | Reached skill level 5 in Fighting
  1962 | D:3      | Found a runed translucent door.
  1963 | D:3      | Noticed Crazy Yiuf
  2132 | D:3      | Killed Crazy Yiuf
  2312 | D:4      | Noticed Eustachio
  2329 | D:4      | HP: 1/56 [Eustachio/+4 rapier of venom (6)]
  2343 | D:4      | Killed Eustachio
  2344 | D:4      | Reached skill level 5 in Axes
  2344 | D:4      | Reached XP level 7. HP: 9/61 MP: 7/7
  2348 | D:4      | HP: 3/61 [poisoned by Eustachio]
  2645 | D:4      | You fall into a shaft and drop 3 floors!
  2670 | D:7      | Reached skill level 5 in Armour
  2670 | D:7      | Reached skill level 5 in Shields
  2680 | D:7      | Noticed Dowan
  2693 | D:7      | Reached skill level 1 in Evocations
  2714 | D:7      | Killed Dowan
  2812 | D:7      | Noticed a two-headed ogre
  2832 | D:7      | Slain by a two-headed ogre

Illustrated notes

Levels and vault maps discovered:
D:1:      minmay_arrival_three_doors, layout_loops_corners
D:2:      layout_basic, serial_shops, nicolae_shop_tiny_statue_garden,
          minmay_distorted
D:3:      layout_basic, nicolae_uskayaw_suspiria,
          mainiacjoe_overflow_six_doors_small, due_unseen_surprise,
          uniq_crazy_yiuf_cottage, uniq_ijyb, uniq_sigmund
D:4:      layout_basic, uniq_menkaure, uniq_eustachio
D:7:      layout_rooms, lemuel_coloured_pillars_altar, minmay_crystal_room,
          uniq_duvessa

Skill      XL: |  1  2  3  4  5  6  7 |
---------------+----------------------+-----
Axes           | 3 4 5 |  5.6
Fighting       | 4 5 |  5.8
Shields        | 4 5 |  5.3
Armour         | 4 5 |  5.3
Dodging        | 1 |  1.9
Evocations     | 1 |  1.3

Action                     |  1- 3 |  4- 6 |  7- 9 || total
---------------------------+-------+-------+-------++-------
  Melee: War axe           |    90 |    71 |    39 ||   200
    Use: Scroll            |     4 |     3 |       ||     7
         Potion            |     2 |     6 |       ||     8
   Stab: Invisible         |       |     4 |       ||     4
 Armour: Scale mail        |    47 |    27 |    11 ||    85
  Dodge: Dodged            |    37 |    40 |    27 ||   104
  Block: Buckler           |    21 |    21 |     7 ||    49

Table legend: (Time is in decaauts)
 A = Elapsed time spent in this place.
 B = Non-inter-level travel time spent in this place.
 C = Inter-level travel time spent in this place.
 D = Time resting spent in this place.
 E = Time spent auto-exploring this place.
 F = Levels seen in this place.
 G = Mean time per level.
                   A        B        C        D        E       F      G
               +--------+--------+--------+--------+--------+-----+--------+
         Total |   2898 |   2798 |    100 |      0 |   2290 |   5 |  579.6 |
       Dungeon |   2898 |   2798 |    100 |      0 |   2290 |   5 |  579.6 |
               +--------+--------+--------+--------+--------+-----+--------+

Top non-repeatable levels by time:
     D:1: 959 daAuts
     D:3: 664 daAuts
     D:2: 605 daAuts
     D:4: 472 daAuts
     D:7: 197 daAuts
